 Dungeon Crawl Stone Soup version 0.24.1 (webtiles) character file.

Game seed: 7780895855205100686, levelgen mode: deterministic

281 Curus the Spear-Bearer (level 6, -1/44 HPs)
             Began as a Merfolk Gladiator on Apr 5, 2020.
             Slain by a hippogriff (4 damage)
             ... on level 4 of the Dungeon.
             The game lasted 00:16:25 (2391 turns).

Curus the Spear-Bearer (Merfolk Gladiator)          Turns: 2391, Time: 00:16:26

Health: -1/44      AC:  6    Str: 15      XL:     6   Next: 27%
Magic:  6/6        EV: 13    Int:  7      God:
Gold:   135        SH:  0    Dex: 14 (17) Spells: 5/5 levels left

rFire    . . .     SeeInvis .   a - +0 trident
rCold    . . .     Gourm    .   (no shield)
rNeg     + . .     Faith    .   b - +0 leather armour
rPois    .         Spirit   .   c - +0 helmet
rElec    .         Reflect  .   i - +1 cloak
rCorr    .         Harm     .   (no gloves)
MR       .....                  (no boots)
Stlth    +.........             (no amulet)
HPRegen  0.14/turn              h - ring of positive energy
MPRegen  0.10/turn              k - ring of flight

@: no status effects
A: change form in water, swift swim, stealthy swim
a: Evoke Flight


You were on level 4 of the Dungeon.
You were not hungry.

You visited 1 branch of the dungeon, and saw 4 of its levels.

You collected 135 gold pieces.

Inventory:

Hand Weapons
 a - a +0 trident (weapon)
Missiles
 d - a throwing net (quivered)
Armour
 b - a +0 leather armour (worn)
 c - a +0 helmet (worn)
 i - a +1 cloak (worn)
Jewellery
 h - a ring of positive energy (left hand)
 k - a ring of flight (right hand)
Scrolls
 j - a scroll of magic mapping
Potions
 e - a potion of curing
 g - 2 potions of agility
 l - 2 potions of degeneration
Comestibles
 f - 6 rations
 m - 8 chunks of flesh


   Skills:
 - Level 2.1 Fighting
 + Level 9.8 Polearms
 - Level 2.0 Throwing
 - Level 4.0 Dodging


You had 5 spell levels left.
You didn't know any spells.
Your spell library was empty.

Dungeon Overview and Level Annotations

Branches:
Dungeon (4/15)
 Temple: D:4-7

Altars:
Cheibriados
Dithmenos
Gozag
Ru
Sif Muna
Uskayaw
Wu Jian


Message History

Press: ? - help, Shift-Dir - straight line, f/p - hippogriff
Aim: a hippogriff (heavily wounded)
You throw a throwing net.
The throwing net closely misses the hippogriff.
The hippogriff bites you but does no damage.
The hippogriff misses you. The hippogriff closely misses you.
You barely miss the hippogriff.
The hippogriff is heavily wounded.
You hit the hippogriff.
The hippogriff is heavily wounded.
The hippogriff bites you.
* * * LOW HITPOINT WARNING * * *
The hippogriff pecks you but does no damage.
The hippogriff claws you but does no damage.
You hit the hippogriff.
The hippogriff is severely wounded.
The hippogriff barely misses you. The hippogriff pecks you.
* * * LOW HITPOINT WARNING * * *
The hippogriff claws you.
You die...

#.......###......(#
###...#..##.......#
######.#........#
#.#........#
#..........#
#))........#
#.......####
#.####### #@## ##H#
#.# #.# #.# ...
.≈(.. ...##.. #..#
#..


You could see a hippogriff.

Vanquished Creatures
  A bullfrog skeleton (D:3)
  An orc wizard (D:3)
  An orc priest (D:3)
  A centaur skeleton (D:4)
  2 worker ants
  4 adders
  2 oozes (D:1)
  An adder zombie (D:3)
  2 dart slugs
  A leopard gecko (D:1)
  7 orcs
  A ball python (D:2)
  4 bats
  A giant cockroach (D:1)
  5 goblins
  5 hobgoblins
  7 jackals
  8 kobolds
  A ball python skeleton (D:3)
  3 frilled lizards
  4 rats
62 creatures vanquished.

Vanquished Creatures (others)
  2 withered plants (D:3)
2 creatures vanquished.

Grand Total: 64 creatures vanquished

Notes
Turn   | Place    | Note
-------+----------+-------------------------------------------
     0 | D:1      | Curus the Merfolk Gladiator began the quest for the Orb.
     0 | D:1      | Reached XP level 1. HP: 16/16 MP: 1/1
    47 | D:1      | Reached skill level 5 in Polearms
    47 | D:1      | Reached XP level 2. HP: 22/22 MP: 2/2
   158 | D:1      | Reached skill level 6 in Polearms
   158 | D:1      | Reached XP level 3. HP: 27/27 MP: 3/3
  1106 | D:3      | Reached skill level 7 in Polearms
  1106 | D:3      | Reached XP level 4. HP: 15/33 MP: 4/4
  1653 | D:3      | Reached skill level 8 in Polearms
  1653 | D:3      | Reached XP level 5. HP: 19/38 MP: 5/5
  1773 | D:3      | Found an ornate altar of the Wu Jian Council.
  1775 | D:3      | Found a snail-covered altar of Cheibriados.
  1775 | D:3      | Found a shimmering blue altar of Sif Muna.
  1775 | D:3      | Found a sacrificial altar of Ru.
  1780 | D:3      | Found an opulent altar of Gozag.
  1780 | D:3      | Found a hide-covered altar of Uskayaw.
  1781 | D:3      | Found a shadowy altar of Dithmenos.
  1798 | D:3      | Reached skill level 9 in Polearms
  2265 | D:4      | Reached XP level 6. HP: 44/44 MP: 6/6
  2372 | D:4      | Noticed a hippogriff
  2391 | D:4      | Slain by a hippogriff

Levels and vault maps discovered:
D:1:      minmay_arrival_shoal_huts, layout_loops_ring
D:2:      layout_basic, first_ration
D:3:      layout_basic, grunt_temple_overflow_open, serial_undead,
          serial_undead_b, serial_undead_c, serial_undead_e, serial_undead_c
D:4:      layout_cave_pods, fedhas_altar_fruit_tree, overflow_temple_1_default,
          serial_rivers, chequers_serial_rivers_small_3,
          chequers_serial_rivers_micro_c, chequers_serial_rivers_marsh,
          chequers_serial_rivers_large_b, chequers_serial_rivers_large_a,
          chequers_serial_rivers_micro_b, hangedman_abyss_or_decor_passed,
          uniq_edmund, uniq_robin, uniq_ijyb

Skill      XL: |  1  2  3  4  5 |
---------------+----------------+-----
Polearms       | 5 6 7 8 9 |  9.8
Fighting       | |  2.1
Throwing       | |  2.0
Dodging        | |  4.0

Action                   |  1- 3 |  4- 6 || total
-------------------------+-------+-------++-------
Melee: Trident           |    94 |   141 ||   235
Throw: Throwing net      |       |     2 ||     2
  Use: Scroll            |     6 |     2 ||     8
       Potion            |     2 |     3 ||     5
 Stab: Sleeping          |     6 |       ||     6
       Distracted        |       |     1 ||     1
  Eat: Chunk             |       |     5 ||     5
Armor: Leather armour    |     9 |    34 ||    43
Dodge: Dodged            |    36 |   102 ||   138
